 Dungeon Crawl Stone Soup version 0.30.0-11-gf55b779eaf (webtiles) character file.

Game seed: 10687439961298392240

70 shadowrider38 the Digger (level 4, 30/30 HPs)
             Began as a Demonspawn Earth Elementalist on May 17, 2023.
             Quit the game on level 2 of the Dungeon.
             The game lasted 00:02:13 (2329 turns).

shadowrider38 the Digger (DsEE)                     Turns: 2329, Time: 00:02:14

Health: 30/30      AC:  4    Str:  9    XL:     4   Next: 4%
Magic:  5/8        EV: 12    Int: 18    God:
Gold:   96         SH:  0    Dex: 13    Spells: 6/9 levels left

rFire   + . .        a - +0 rapier
rCold   + . .        (no shield)
rNeg    . . .        e - +0 robe
rPois   .            (no helmet)
rElec   .            k - scarf {rC+ rF+}
rCorr   .            (no gloves)
SInv    .            (no boots)
Will    .....        (no amulet)
Stlth   ++           (no ring)
HPRegen 0.25/turn    (no ring)
MPRegen 0.11/turn

%: no passive effects
@: no status effects
A: hooves 1, icy blue scales 1, spiny 1
a: no special abilities


You were on level 2 of the Dungeon.
You visited 1 branch of the dungeon, and saw 2 of its levels.

You collected 96 gold pieces.

Inventory:

Hand Weapons
 a - a +0 rapier (weapon)
Missiles
 Z - a throwing net
Armour
 e - a +0 robe (worn)
 f - an orb of guile
 k - a scarf of resistance (worn)
Scrolls
 d - a scroll of teleportation {unknown}
 g - a scroll of identify {unknown}
 h - a scroll of vulnerability {unknown}
 j - 2 scrolls of butterflies
 l - a scroll of immolation {unknown}
Potions
 b - a potion of magic
 c - a potion of curing {unknown}
 i - a potion of brilliance {unknown}
 m - a potion of haste {unknown}


   Skills:
 - Level 1.7 Dodging
 - Level 1.7 Stealth
 + Level 3.2 Spellcasting
 - Level 0.8 Transmutations
 + Level 3.6 Earth Magic


You had 6 spell levels left.
You knew the following spells:

 Your Spells              Type           Power      Damage    Failure   Level
a - Sandblast             Erth           32%        2d9       3%          1
c - Passwall              Tmut/Erth      9%         N/A       10%         2

Your spell library contained the following spells:

 Spells                   Type           Power      Damage    Failure   Level
 Stone Arrow              Conj/Erth      18%        3d8       22%         3
 Petrify                  Tmut/Erth      11%        N/A       54%         4


Dungeon Overview and Level Annotations

Branches:
Dungeon (2/15)

Altars:

Shops:
D:1 =


Innate Abilities, Weirdness & Mutations

You have large cloven feet.
You are partially covered in icy blue scales. (AC +2)
You are partially covered in sharp spines.


Message History

Press: ? - help, Q - select action, (/) - cycle Shift-Dir - straight line, f/p - gnoll
Aim: a gnoll, wielding a +0 whip (almost dead, 84% to hit)
The blast of sand hits the gnoll!
You kill the gnoll!
Search for what [? for help]? rapier
There is an open door here.
You see here a +0 rapier.
m - a +0 rapier (weapon)
Adjust to which letter? (? for menu, Esc to quit)
a - a +0 rapier (weapon);
m - a +0 dagger You drop a +0 dagger.
You start putting on your armour.
You continue putting on your scarf of resistance. x4
You finish putting on your scarf of resistance.
You feel resistant to extremes of temperature.
Okay, then.
Okay, then.
As you read the scroll labelled CESANUEZUI, it crumbles to dust.
You hear the flapping of tiny wings.
It was a scroll of butterflies.
Okay, then.
Okay, then.
You swap places.
You swap places.
You swap places.
Key pressed, stopping explore.
Key pressed, stopping explore.
Key pressed, stopping explore.
There is an open door here.
Key pressed, stopping explore.
m - a clear potion
Things that are here:
a +0 whip; a gnoll corpse An adder comes into view.
The adder hisses angrily.
Aiming: Sandblast (safe; 3% risk of failure)
Press: ? - help, Q - select action, (/) - cycle Shift-Dir - straight line, f - adder
Aim: an adder (70% to hit)
The blast of sand hits the adder!
The adder is severely wounded.
The adder bites you but does no damage. The adder barely misses you.
Aiming: Sandblast (safe; 3% risk of failure)
Press: ? - help, Q - select action, (/) - cycle Shift-Dir - straight line, f/p - adder
Aim: an adder (severely wounded, 70% to hit)
The blast of sand hits the adder!
You kill the adder!
You have reached level 4!
You feel stronger.
Your demonic ancestry asserts itself...
Sharp spines emerge from parts of your body.
Unknown command.
Are you sure you want to abandon this character and quit the game? (Confirm with "yes".)

#####.##.##.### #.#
.......#....# #.#
##################.#
.................#.#
################.#.##
#............#
#.#######.#### ##
#.#.....#.# .#
#.......#@#
.#########)#####†#
.........#.# #.#
######.....# #.#
#.#.### #.#
#.#.......#.#
#.#######.#.. #.# ###
#.#


There were no monsters in sight!

Vanquished Creatures
  2 gnolls (D:2)
  An adder (D:2)
  A dart slug (D:1)
  4 ball pythons
  6 endoplasms (D:1)
  6 goblins
  3 hobgoblins
  2 jackals (D:1)
  2 quokkas
  4 bats
  3 frilled lizards
  2 kobolds
  2 rats
38 creatures vanquished.

Notes
Turn   | Place    | Note
-------+----------+-------------------------------------------
     0 | D:1      | shadowrider38 the Demonspawn Earth Elementalist began the
                  | quest for the Orb.
     0 | D:1      | Reached XP level 1. HP: 13/13 MP: 3/3
   218 | D:1      | Reached skill level 3 in Earth Magic
   314 | D:1      | Gained mutation: You have large cloven feet. [demonic
                  | ancestry]
   314 | D:1      | Reached XP level 2. HP: 19/19 MP: 1/5
   500 | D:1      | Found Vyoron's Jewellery Boutique.
  1226 | D:2      | Learned a level 2 spell: Passwall
  1235 | D:2      | Gained mutation: You are partially covered in icy blue
                  | scales. (AC +2) [demonic ancestry]
  1235 | D:2      | Reached XP level 3. HP: 24/24 MP: 2/7
  1875 | D:2      | Reached skill level 3 in Spellcasting
  2329 | D:2      | Gained mutation: You are partially covered in sharp spines.
                  | [demonic ancestry]
  2329 | D:2      | Reached XP level 4. HP: 30/30 MP: 5/8
  2329 | D:2      | Quit the game

Illustrated notes

Levels and vault maps discovered:
D:1:      roderic_octagonal_star, layout_loops_corners, serial_shops,
          nicolae_shop_gaudy_bauble
D:2:      layout_basic, basic_altar, kennysheep_minor_cross,
          kennysheep_generic_room_5

Skill      XL: |  1  2  3 |
---------------+----------+-----
Earth Magic    | 3 |  3.6
Spellcasting   | 3 |  3.2
Dodging        | |  1.7
Stealth        | |  1.7
Transmutations | |  0.8

Action                     |  1- 3 |  4- 6 || total
---------------------------+-------+-------++-------
   Cast: Sandblast         |    52 |       ||    52
    Use: Scroll            |     1 |       ||     1
 Armour: Robe              |     4 |       ||     4
  Dodge: Dodged            |    11 |       ||    11
